General information
- name: BNet
- type: Ladder team game (AT/RT)
- host: Battle.net
- saver: StealTheVictory
map: Battleground
- players: 8
- length: 49:13
- speed: Fast
- version: 1.26 W3XP
- replay type: Public
» download(234 KB)
Players
team 1 (winner)
d3monwar. (
purple | 61 APM | 940 actions | 15:18)
3 Death Knight
2 Death Coil
1 Death Pact
» actions
| Assign group hotkey | 48 | |
| Basic commands | 45 | |
| Build / train | 51 | |
| Enter build submenu | 19 | |
| Enter hero's abilities submenu | 3 | |
| Give item / drop item | 2 | |
| Right click | 231 | |
| Select / deselect | 317 | |
| Select group hotkey | 145 | |
| Use ability | 79 | |
940 total
» units
| Acolyte | 3 | |
| Ghoul | 5 | |
| Crypt Fiend | 5 | |
| Frost Wyrm | 5 | |
| Obsidian Statue | 1 | |
19 total
» upgrades
» buildings
| Graveyard | 1 | |
| Altar of Darkness | 2 | |
| Ziggurat | 7 | |
| Crypt | 1 | |
| Tomb of Relics | 1 | |
| Nerubian Tower | 4 | |
| Halls of the Dead | 5 | |
| Black Citadel | 6 | |
| Slaughterhouse | 1 | |
| Sacrificial Pit | 1 | |
| Boneyard | 1 | |
| Necropolis | 2 | |
32 total
» build order
00:09 Graveyard
00:31 Altar of Darkness
00:37 Ziggurat
00:59 Crypt
01:13 Tomb of Relics
01:28 Ziggurat
01:46 Nerubian Tower
01:46 Nerubian Tower
03:22 Halls of the Dead
04:57 Ziggurat
05:45 Black Citadel
05:46 Black Citadel
05:46 Black Citadel
05:46 Black Citadel
07:06 Slaughterhouse
07:12 Sacrificial Pit
08:26 Boneyard
09:07 Ziggurat
09:09 Ziggurat
09:34 Ziggurat
09:36 Necropolis
10:21 Necropolis
11:19 Nerubian Tower
11:20 Nerubian Tower
11:36 Altar of Darkness
13:16 Ziggurat
» items
| Rod of Necromancy | 5 | |
| Sacrificial Skull | 1 | |
| Dust of Appearance | 1 | |
| Potion of Healing | 1 | |
8 total
StealTheVictory (
blue | 74 APM | 3666 actions | 49:13)
6 Archmage
3 Summon Water Elemental
2 Brilliance Aura
1 Mass Teleport
2 Death Knight
1 Unholy Aura
1 Death Coil
» actions
| Assign group hotkey | 183 | |
| Basic commands | 85 | |
| Build / train | 231 | |
| ESC pressed | 15 | |
| Enter build submenu | 89 | |
| Enter hero's abilities submenu | 8 | |
| Give item / drop item | 2 | |
| Right click | 1445 | |
| Select / deselect | 548 | |
| Select group hotkey | 694 | |
| Use ability | 366 | |
3666 total
» units
| Peasant | 32 | |
| Footman | 7 | |
| Rifleman | 24 | |
| Acolyte | 4 | |
67 total
» upgrades
| Masonry | 2 | |
| Gunpowder | 2 | |
| Long Rifles | 1 | |
| Armor | 2 | |
| Lumber Harvesting | 1 | |
8 total
» buildings
| Barracks | 5 | |
| Altar of Kings | 4 | |
| Farm | 18 | |
| Lumber Mill | 1 | |
| Blacksmith | 2 | |
| Scout Tower | 25 | |
| Guard Tower | 77 | |
| Arcane Vault | 1 | |
| Keep | 3 | |
| Town Hall | 3 | |
| Castle | 5 | |
| Arcane Tower | 2 | |
| Ziggurat | 20 | |
| Spirit Tower | 20 | |
| Nerubian Tower | 9 | |
195 total
» build order
00:45 Barracks
00:47 Altar of Kings
01:00 Farm
01:10 Farm
01:25 Lumber Mill
01:56 Farm
02:23 Blacksmith
02:39 Scout Tower
02:46 Scout Tower
02:48 Scout Tower
03:09 Guard Tower
03:10 Guard Tower
03:10 Guard Tower
03:14 Guard Tower
03:15 Guard Tower
03:15 Guard Tower
03:56 Scout Tower
04:06 Arcane Vault
04:11 Scout Tower
04:21 Farm
04:23 Guard Tower
04:24 Guard Tower
04:25 Scout Tower
04:42 Guard Tower
04:42 Guard Tower
04:42 Guard Tower
04:54 Guard Tower
04:55 Guard Tower
04:55 Guard Tower
05:08 Farm
05:28 Keep
08:17 Farm
09:17 Town Hall
09:19 Scout Tower
09:21 Scout Tower
09:22 Scout Tower
09:24 Scout Tower
09:27 Scout Tower
09:28 Scout Tower
09:59 Guard Tower
09:59 Guard Tower
09:59 Guard Tower
09:59 Guard Tower
10:00 Guard Tower
10:20 Guard Tower
10:20 Guard Tower
10:20 Guard Tower
10:20 Guard Tower
10:55 Guard Tower
11:27 Guard Tower
11:27 Guard Tower
11:32 Barracks
11:40 Scout Tower
11:41 Scout Tower
12:26 Guard Tower
12:26 Guard Tower
12:27 Guard Tower
12:27 Guard Tower
12:28 Scout Tower
12:30 Scout Tower
12:32 Scout Tower
13:09 Guard Tower
13:09 Guard Tower
13:25 Guard Tower
13:25 Guard Tower
13:25 Guard Tower
14:43 Scout Tower
14:44 Scout Tower
15:18 Guard Tower
15:18 Guard Tower
15:20 Scout Tower
15:21 Scout Tower
15:44 Castle
15:44 Castle
15:45 Castle
16:01 Guard Tower
16:01 Guard Tower
16:01 Guard Tower
16:02 Guard Tower
16:23 Guard Tower
18:49 Farm
18:50 Farm
18:51 Farm
18:52 Farm
19:40 Barracks
19:41 Barracks
21:02 Altar of Kings
21:10 Scout Tower
21:16 Scout Tower
21:38 Arcane Tower
21:39 Guard Tower
21:40 Guard Tower
21:40 Guard Tower
21:40 Guard Tower
21:53 Guard Tower
21:53 Guard Tower
21:53 Guard Tower
21:53 Guard Tower
22:04 Scout Tower
22:06 Scout Tower
22:31 Guard Tower
22:31 Guard Tower
22:32 Guard Tower
22:32 Guard Tower
22:33 Guard Tower
23:01 Altar of Kings
23:03 Farm
23:12 Altar of Kings
23:15 Farm
23:18 Farm
23:23 Ziggurat
23:25 Ziggurat
23:27 Ziggurat
23:28 Ziggurat
23:31 Ziggurat
23:33 Ziggurat
23:36 Ziggurat
23:38 Ziggurat
23:42 Ziggurat
24:12 Farm
25:00 Town Hall
25:22 Spirit Tower
25:22 Spirit Tower
25:22 Spirit Tower
25:22 Spirit Tower
25:25 Ziggurat
25:26 Ziggurat
25:29 Ziggurat
25:30 Ziggurat
25:32 Ziggurat
25:36 Ziggurat
27:16 Ziggurat
27:18 Ziggurat
27:20 Ziggurat
27:22 Ziggurat
27:29 Ziggurat
28:09 Spirit Tower
28:10 Spirit Tower
28:10 Spirit Tower
28:10 Spirit Tower
28:10 Spirit Tower
28:13 Spirit Tower
28:13 Spirit Tower
28:13 Spirit Tower
28:16 Nerubian Tower
28:16 Nerubian Tower
28:17 Nerubian Tower
28:22 Nerubian Tower
28:22 Nerubian Tower
36:16 Town Hall
40:12 Blacksmith
40:49 Barracks
42:55 Farm
42:57 Farm
43:00 Farm
44:29 Keep
44:36 Farm
» items
| Scroll of Regeneration | 8 | |
| Mechanical Critter | 3 | |
| Potion of Lesser Invulnerability | 1 | |
| Scroll of Town Portal | 1 | |
13 total

»
gem[clanpike] (
yellow | 61 APM | 962 actions | 15:50)
3 Keeper of the Grove
1 Entangling Roots
2 Thorns Aura
2 Priestess of the Moon
1 Trueshot Aura
1 Searing Arrows
» actions
| Assign group hotkey | 14 | |
| Basic commands | 1 | |
| Build / train | 35 | |
| Enter build submenu | 15 | |
| Enter hero's abilities submenu | 5 | |
| Right click | 429 | |
| Select / deselect | 71 | |
| Select group hotkey | 339 | |
| Use ability | 53 | |
962 total
» units
| Wisp | 15 | |
| Druid of the Claw | 4 | |
| Dryad | 2 | |
21 total
» upgrades
| Druid of the Claw Training | 2 | |
| Abolish Magic | 1 | |
| Mark of the Claw | 1 | |
| Nature's Blessing | 1 | |
5 total
» buildings
| Altar of Elders | 1 | |
| Moon Well | 6 | |
| Tree of Ages | 1 | |
| Hunter's Hall | 1 | |
| Ancient Protector | 2 | |
| Ancient of Lore | 4 | |
| Tree of Eternity | 1 | |
16 total
» build order
00:15 Altar of Elders
00:20 Moon Well
01:11 Moon Well
01:23 Moon Well
02:07 Moon Well
02:53 Tree of Ages
03:05 Hunter's Hall
03:15 Moon Well
04:11 Ancient Protector
04:15 Ancient Protector
05:40 Ancient of Lore
05:44 Ancient of Lore
05:49 Ancient of Lore
06:14 Ancient of Lore
06:30 Tree of Eternity
11:49 Moon Well

»
fonpee (
green | 53 APM | 820 actions | 15:24)
2 Death Knight
1 Death Coil
1 Unholy Aura
» actions
| Assign group hotkey | 26 | |
| Basic commands | 88 | |
| Build / train | 40 | |
| Enter build submenu | 13 | |
| Enter hero's abilities submenu | 2 | |
| Give item / drop item | 1 | |
| Right click | 255 | |
| Select / deselect | 191 | |
| Select group hotkey | 184 | |
| Use ability | 20 | |
820 total
» units
| Acolyte | 4 | |
| Ghoul | 6 | |
| Crypt Fiend | 15 | |
25 total
» upgrades
| Creature Attack | 3 | |
| Creature Carapace | 3 | |
| Web | 1 | |
7 total
» buildings
| Ziggurat | 4 | |
| Altar of Darkness | 1 | |
| Crypt | 2 | |
| Nerubian Tower | 1 | |
| Graveyard | 1 | |
| Halls of the Dead | 1 | |
| Spirit Tower | 2 | |
| Tomb of Relics | 1 | |
| Sacrificial Pit | 1 | |
| Black Citadel | 1 | |
15 total
» build order
00:08 Ziggurat
00:09 Altar of Darkness
00:36 Crypt
00:54 Ziggurat
01:11 Nerubian Tower
01:41 Graveyard
03:57 Halls of the Dead
04:43 Ziggurat
04:45 Spirit Tower
05:13 Ziggurat
05:42 Tomb of Relics
06:26 Sacrificial Pit
07:34 Spirit Tower
09:39 Black Citadel
10:07 Crypt
team 2 (loser)
DIVINEWIND (
orange | 37 APM | 1775 actions | 47:25)
5 Far Seer
3 Feral Spirit
2 Chain Lighting
5 Shadow Hunter
3 Healing Wave
2 Hex
4 Naga Sea Witch
2 Forked Lightning
2 Frost Arrows
» actions
| Assign group hotkey | 106 | |
| Basic commands | 125 | |
| Build / train | 64 | |
| ESC pressed | 1 | |
| Enter build submenu | 21 | |
| Enter hero's abilities submenu | 14 | |
| Right click | 674 | |
| Select / deselect | 347 | |
| Select group hotkey | 288 | |
| Use ability | 135 | |
1775 total
» units
| Peon | 10 | |
| Grunt | 7 | |
| Troll Witch Doctor | 2 | |
| Tauren | 5 | |
24 total
» upgrades
| Berserker Strength | 1 | |
| Melee Weapons | 1 | |
| Witch Doctor Training | 2 | |
| Armor | 2 | |
| Ensnare | 1 | |
| Berserker Upgrade | 1 | |
| Pillage | 1 | |
| Spirit Walker Training | 1 | |
| Pulverize | 1 | |
11 total
» buildings
| Altar of Storms | 1 | |
| Orc Burrow | 7 | |
| Barracks | 1 | |
| Voodoo Lounge | 1 | |
| Stronghold | 1 | |
| War Mill | 1 | |
| Fortress | 1 | |
| Spirit Lodge | 1 | |
| Tauren Totem | 1 | |
| Beastiary | 1 | |
| Great Hall | 2 | |
18 total
» build order
00:08 Altar of Storms
00:11 Orc Burrow
00:17 Barracks
01:37 Orc Burrow
02:13 Voodoo Lounge
03:13 Stronghold
03:43 Orc Burrow
04:34 War Mill
05:50 Fortress
06:02 Spirit Lodge
06:54 Orc Burrow
08:19 Tauren Totem
09:48 Beastiary
10:17 Orc Burrow
12:04 Great Hall
14:31 Orc Burrow
18:27 Great Hall
23:39 Orc Burrow
» items
| Healing Salve | 2 | |
| Potion of Healing | 3 | |
| Scroll of Town Portal | 1 | |
| Scroll of Protection | 1 | |
7 total
OnitsukaTigers (
pink | 45 APM | 2150 actions | 48:02)
6 Archmage
3 Summon Water Elemental
2 Brilliance Aura
1 Mass Teleport
» actions
| Assign group hotkey | 66 | |
| Basic commands | 377 | |
| Build / train | 111 | |
| Enter build submenu | 49 | |
| Enter hero's abilities submenu | 6 | |
| Give item / drop item | 6 | |
| Remove unit from queue | 3 | |
| Right click | 600 | |
| Select / deselect | 506 | |
| Select group hotkey | 276 | |
| Use ability | 150 | |
2150 total
» units
| Peasant | 12 | |
| Footman | 4 | |
| Gryphon Rider | 27 | |
| Dragonhawk Rider | 1 | |
44 total
» upgrades
| Lumber Harvesting | 2 | |
| Masonry | 3 | |
| Swords | 3 | |
| Armor | 3 | |
| Animal War Training | 1 | |
| Storm Hammers | 1 | |
| Cloud | 1 | |
14 total
» buildings
| Altar of Kings | 1 | |
| Barracks | 1 | |
| Farm | 7 | |
| Scout Tower | 25 | |
| Arcane Tower | 1 | |
| Keep | 1 | |
| Arcane Vault | 4 | |
| Lumber Mill | 2 | |
| Castle | 1 | |
| Gryphon Aviary | 7 | |
| Blacksmith | 3 | |
| Guard Tower | 6 | |
| Town Hall | 1 | |
60 total
» build order
00:50 Altar of Kings
00:52 Barracks
00:53 Farm
00:55 Farm
01:05 Farm
01:24 Scout Tower
02:06 Arcane Tower
02:14 Farm
03:39 Keep
03:50 Arcane Vault
04:51 Lumber Mill
06:06 Castle
06:20 Gryphon Aviary
06:20 Gryphon Aviary
08:07 Gryphon Aviary
08:15 Blacksmith
08:18 Blacksmith
08:22 Blacksmith
09:09 Scout Tower
09:10 Scout Tower
09:11 Scout Tower
09:13 Scout Tower
09:13 Scout Tower
09:16 Scout Tower
09:21 Scout Tower
09:31 Farm
09:32 Farm
09:33 Farm
09:48 Guard Tower
09:54 Guard Tower
12:24 Town Hall
12:27 Scout Tower
12:28 Scout Tower
12:28 Scout Tower
12:28 Scout Tower
13:01 Guard Tower
13:38 Scout Tower
13:38 Scout Tower
13:39 Scout Tower
13:39 Scout Tower
13:40 Scout Tower
13:42 Scout Tower
13:43 Scout Tower
13:52 Lumber Mill
14:38 Arcane Vault
14:50 Guard Tower
15:12 Guard Tower
15:13 Guard Tower
15:34 Scout Tower
15:34 Scout Tower
16:14 Guard Tower
21:24 Gryphon Aviary
22:10 Guard Tower
23:47 Scout Tower
23:48 Scout Tower
23:48 Scout Tower
23:48 Scout Tower
26:42 Guard Tower
28:37 Arcane Vault
28:38 Arcane Vault
31:18 Gryphon Aviary
31:19 Gryphon Aviary
31:22 Gryphon Aviary
» items
| Scroll of Regeneration | 8 | |
| Scroll of Town Portal | 8 | |
| Potion of Healing | 10 | |
| Staff of Teleportation | 1 | |
| Periapt of Vitality | 1 | |
| Potion of Lesser Invulnerability | 2 | |
| Healing Salve | 2 | |
| Potion of Mana | 1 | |
| Lesser Clarity Potion | 1 | |
34 total
Newbs (
teal | 28 APM | 764 actions | 27:18)
5 Blood Mage
3 Flame Strike
2 Siphon Mana
» actions
| Basic commands | 32 | |
| Build / train | 60 | |
| Enter build submenu | 18 | |
| Enter hero's abilities submenu | 5 | |
| Give item / drop item | 1 | |
| Right click | 331 | |
| Select / deselect | 246 | |
| Use ability | 71 | |
764 total
» units
» upgrades
| Gunpowder | 3 | |
| Armor | 3 | |
| Flare | 1 | |
| Fragmentation Shards | 1 | |
8 total
» buildings
| Altar of Kings | 1 | |
| Farm | 10 | |
| Lumber Mill | 1 | |
| Scout Tower | 1 | |
| Blacksmith | 1 | |
| Arcane Tower | 1 | |
| Keep | 2 | |
| Castle | 1 | |
| Workshop | 3 | |
| Arcane Vault | 1 | |
22 total
» build order
00:27 Altar of Kings
00:39 Farm
00:55 Lumber Mill
01:15 Farm
01:34 Scout Tower
02:02 Blacksmith
02:04 Arcane Tower
02:31 Farm
03:06 Keep
03:07 Keep
03:12 Farm
03:26 Farm
04:13 Farm
04:55 Farm
05:29 Castle
05:36 Workshop
05:39 Workshop
05:43 Workshop
06:56 Farm
15:09 Arcane Vault
15:11 Farm
16:01 Farm
» items
| Boots of Speed | 1 | |
| Circlet of Nobility | 2 | |
3 total

»
etrapedmydog (
red | 26 APM | 1237 actions | 48:02)
6 Mountain King
3 Storm Bolt
2 Bash
1 Avatar
4 Paladin
2 Holy Light
2 Devotion Aura
» actions
| Assign group hotkey | 6 | |
| Basic commands | 179 | |
| Build / train | 84 | |
| ESC pressed | 2 | |
| Enter build submenu | 38 | |
| Enter hero's abilities submenu | 10 | |
| Give item / drop item | 1 | |
| Right click | 369 | |
| Select / deselect | 383 | |
| Select group hotkey | 62 | |
| Use ability | 103 | |
1237 total
» units
| Peasant | 11 | |
| Rifleman | 19 | |
| Priest | 7 | |
37 total
» upgrades
| Gunpowder | 3 | |
| Armor | 3 | |
| Long Rifles | 1 | |
| Lumber Harvesting | 2 | |
| Priest Training | 2 | |
| Masonry | 3 | |
14 total
» buildings
| Farm | 10 | |
| Blacksmith | 1 | |
| Barracks | 1 | |
| Altar of Kings | 1 | |
| Scout Tower | 18 | |
| Arcane Tower | 1 | |
| Lumber Mill | 1 | |
| Keep | 1 | |
| Castle | 1 | |
| Arcane Vault | 1 | |
| Arcane Sanctum | 1 | |
| Town Hall | 3 | |
| Guard Tower | 11 | |
| Workshop | 1 | |
52 total
» build order
00:08 Farm
00:52 Blacksmith
01:07 Barracks
01:22 Altar of Kings
01:37 Farm
02:10 Scout Tower
02:22 Farm
02:41 Arcane Tower
02:58 Farm
03:35 Lumber Mill
04:42 Keep
05:05 Farm
06:03 Farm
07:17 Castle
07:31 Farm
08:02 Arcane Vault
09:50 Arcane Sanctum
10:03 Farm
11:21 Farm
11:48 Farm
21:50 Town Hall
24:05 Town Hall
24:07 Scout Tower
24:08 Scout Tower
24:09 Scout Tower
24:21 Scout Tower
24:22 Scout Tower
24:24 Scout Tower
24:25 Scout Tower
24:44 Guard Tower
24:50 Workshop
25:04 Guard Tower
25:05 Guard Tower
26:17 Guard Tower
26:20 Guard Tower
26:21 Guard Tower
26:48 Guard Tower
26:50 Scout Tower
26:51 Scout Tower
27:18 Scout Tower
27:19 Scout Tower
27:23 Guard Tower
27:51 Guard Tower
27:53 Guard Tower
28:03 Scout Tower
28:31 Scout Tower
28:35 Scout Tower
28:38 Scout Tower
28:39 Scout Tower
28:42 Guard Tower
28:43 Scout Tower
30:05 Town Hall
» items
| Scroll of Regeneration | 1 | |
| Orb of Fire | 1 | |
| Scroll of Town Portal | 1 | |
| Ivory Tower | 4 | |
7 total
Chat log
(00:19 / Allies) d3monwar.: 100
(09:50 / Allies) StealTheVictory: mortars from teal
(11:29 / Allies) d3monwar.: gg
(11:50 / All) Newbs: gg
(12:32 / Allies) d3monwar.: tp
(12:37 / Allies) StealTheVictory: we can't take that
(12:53 / Allies) fonpee: yes we can
(12:55 / Allies) d3monwar.: tp
(12:56 / Allies) fonpee: too late now
(12:59 / All) DIVINEWIND: Techers never win
(13:00 / Allies) StealTheVictory: tp
(13:01 / All) DIVINEWIND: gg
(13:02 / Allies) gem[clanpike]: wow wat a fucking waste of my time
(13:04 / Allies) StealTheVictory: and I will
(13:07 / Allies) StealTheVictory: or not
(13:21 / Allies) StealTheVictory: wood me
(13:23 / Allies) StealTheVictory: if you got spare
(13:26 / Allies) d3monwar.: meet
(13:33 / Allies) StealTheVictory: ty
(13:45 / Allies) d3monwar.: blue
(14:21 / Allies) d3monwar.: blue stupid
(14:27 / Allies) StealTheVictory: That was a bad engagement
(14:28 / Allies) d3monwar.: idiot
(14:31 / Allies) d3monwar.: noo
(14:32 / Allies) StealTheVictory: I'm going to counter
(14:35 / Allies) StealTheVictory: we don't have enough to engage
(14:37 / All) etrapedmydog: gg
(15:52 / All) DIVINEWIND: gg
(15:58 / All) StealTheVictory: yeah you lost
(15:58 / All) StealTheVictory: gg
(15:59 / All) StealTheVictory: out
(16:00 / All) DIVINEWIND: Techers nevert win
(16:06 / All) DIVINEWIND: naa i won
(16:09 / All) StealTheVictory: that's why you gotta leave
(16:10 / All) DIVINEWIND: Cause im good
(16:13 / All) StealTheVictory: I'm better
(16:26 / All) DIVINEWIND: u lost
(16:30 / All) StealTheVictory: No
(16:30 / All) DIVINEWIND: i won
(16:32 / All) StealTheVictory: Out
(16:33 / All) StealTheVictory: You lose
(16:45 / All) DIVINEWIND: how so
(16:47 / All) StealTheVictory: Save your asshole and just leave
(16:53 / All) DIVINEWIND: i won
(16:54 / All) StealTheVictory: Out
(16:58 / All) StealTheVictory: I'm warning you
(17:00 / All) StealTheVictory: just leave lol
(18:50 / All) DIVINEWIND: blue u lost
(18:53 / All) StealTheVictory: out
(19:38 / All) DIVINEWIND: Blue
(19:40 / All) DIVINEWIND: u lost gg
(19:42 / All) StealTheVictory: Just leave
(20:04 / All) StealTheVictory: Out
(20:40 / All) StealTheVictory: out
(21:57 / All) StealTheVictory: out
(22:08 / All) DIVINEWIND: Gg blue
(22:12 / All) DIVINEWIND: nice building placment
(22:12 / All) StealTheVictory: bye
(22:14 / All) DIVINEWIND: btw
(22:21 / All) DIVINEWIND: gg
(22:23 / All) StealTheVictory: out
(22:24 / All) StealTheVictory: gg
(22:25 / All) StealTheVictory: out
(23:54 / All) OnitsukaTigers: lumber please
(24:41 / All) StealTheVictory: leave already wtf
(24:43 / All) StealTheVictory: gg
(25:36 / All) StealTheVictory: out
(25:38 / All) StealTheVictory: leave please
(25:38 / All) StealTheVictory: gg
(26:49 / All) StealTheVictory: nice maphack
(27:13 / All) StealTheVictory: finding hidden buildings lol
(27:49 / All) StealTheVictory: Orange you can leave
(27:51 / All) StealTheVictory: bye bye!!!
(27:52 / All) StealTheVictory: GG!
(27:55 / All) StealTheVictory: nice try!
(29:25 / All) StealTheVictory: not so tough now are you orange, buddy?
(29:33 / All) DIVINEWIND: kid i could care less
(29:35 / All) DIVINEWIND: /stats me
(29:36 / All) StealTheVictory: hahaha
(29:38 / All) DIVINEWIND: im 0-0
(29:41 / All) StealTheVictory: you're 0-1
(29:45 / All) StealTheVictory: ;)
(29:49 / All) DIVINEWIND: ill just add u both
(29:50 / All) StealTheVictory: if you didn't care
(29:52 / All) StealTheVictory: you'd leave
(29:57 / All) StealTheVictory: lol
(29:58 / All) DIVINEWIND: naaa im wasting time now
(30:00 / All) StealTheVictory: you couldn't tk us if you tried
(30:01 / All) DIVINEWIND: like u both are
(30:18 / All) OnitsukaTigers: spirit fingers
(30:26 / All) OnitsukaTigers: UH OH
(32:52 / All) OnitsukaTigers: leave orange you are disrupting my enjoyment of the game
(34:58 / All) DIVINEWIND: lol i c ould care less
(35:00 / All) DIVINEWIND: u know why
(35:06 / All) DIVINEWIND: cause im downloading torrents
(35:11 / All) DIVINEWIND: and waiting for my gf to get off work
(35:19 / All) DIVINEWIND: so i can take bong rips while getting my dick sucked
(35:25 / All) DIVINEWIND: mean while
(35:32 / All) DIVINEWIND: u will still be here
(35:35 / All) DIVINEWIND: doin this ROFL
(35:41 / All) StealTheVictory: That sounds familiar have we raped you before?
(35:42 / All) OnitsukaTigers: I have two girlfriends
(35:45 / All) OnitsukaTigers: righty and lefty
(36:18 / All) OnitsukaTigers: Was close but the difference was I had a lot mroe gold
(36:32 / All) OnitsukaTigers: gold > rifles any day of the week
(36:44 / All) DIVINEWIND: lol ur pathetic
(36:48 / All) DIVINEWIND: bottom feeder of bnet
(36:53 / All) OnitsukaTigers: I'm KING OF THE HILL
(36:56 / All) OnitsukaTigers: CHAMPION OF THIS MATCH
(37:00 / All) DIVINEWIND: na look at urself
(37:02 / All) DIVINEWIND: seriously
(37:04 / All) OnitsukaTigers: THE SUPREME AYATOLLAH OF THIS GAME!
(37:08 / All) DIVINEWIND: look how u spend ur time
(37:09 / All) OnitsukaTigers: I AM THE GREAT DECIDER!
(37:12 / All) DIVINEWIND: we play this for fun
(37:17 / All) OnitsukaTigers: Look at how you spend your time
(37:18 / All) DIVINEWIND: look at how u play
(37:18 / All) OnitsukaTigers: Watching me play this game
(37:19 / All) DIVINEWIND: ur a joke
(37:22 / All) OnitsukaTigers: I play for fun
(37:25 / All) OnitsukaTigers: you play for record
(37:27 / All) DIVINEWIND: u got so mad
(37:30 / All) OnitsukaTigers: How lol
(37:30 / All) DIVINEWIND: because sum1 troll u
(37:36 / All) DIVINEWIND: now u do this
(37:37 / All) OnitsukaTigers: I made that story up LOL
(37:38 / All) DIVINEWIND: lol record?
(37:43 / All) DIVINEWIND: are u really that stupid
(37:45 / All) DIVINEWIND: /stats me
(37:47 / All) DIVINEWIND: 0-0
(37:50 / All) DIVINEWIND: im peon account
(37:52 / All) DIVINEWIND: get it now
(37:59 / All) DIVINEWIND: ur a joke to me
(38:06 / All) OnitsukaTigers: You're laughing stock to me
(38:10 / All) OnitsukaTigers: laughing stock > joke
(38:12 / All) OnitsukaTigers: Checkmate, bud
(38:16 / All) DIVINEWIND: lol ur bottom feeder
(38:21 / All) DIVINEWIND: who has zero skill
(38:23 / All) OnitsukaTigers: You're pond scum
(38:28 / All) OnitsukaTigers: At least I'm in the ocean
(38:29 / All) DIVINEWIND: this is how u spend ur time
(38:30 / All) DIVINEWIND: ROFL
(38:32 / All) DIVINEWIND: in 45 mins
(38:35 / All) OnitsukaTigers: This is how you spend your time ROFL
(38:37 / All) DIVINEWIND: i take massive bong rips
(38:39 / All) OnitsukaTigers: watching me play this game
(38:41 / All) DIVINEWIND: and get dick sucked
(38:43 / All) OnitsukaTigers: 420 blaze it!
(38:49 / All) DIVINEWIND: im wasting time now
(38:59 / All) OnitsukaTigers: 420 blaze it my fat flip girl is sucking my dick right as we speak
(39:01 / All) DIVINEWIND: just to spend time
(39:42 / All) OnitsukaTigers: can you two do me a solid
(39:43 / All) OnitsukaTigers: leave
(39:58 / All) DIVINEWIND: aRE U autistic?
(40:00 / All) DIVINEWIND: i said
(40:04 / All) DIVINEWIND: im wasting time
(40:07 / All) DIVINEWIND: to gf gets home
(40:11 / All) DIVINEWIND: aka wasting ur time
(40:16 / All) OnitsukaTigers: 420 blaze it
(40:18 / All) DIVINEWIND: because look at urself rofl
(40:25 / All) DIVINEWIND: i bet ur fat right?
(40:31 / All) DIVINEWIND: neckbeard
(40:34 / All) DIVINEWIND: basement dweller
(40:35 / All) OnitsukaTigers: healthy at every size
(40:38 / All) OnitsukaTigers: #body positive
(40:39 / All) DIVINEWIND: facebook
(40:42 / All) DIVINEWIND: Then to proove it
(40:45 / All) DIVINEWIND: face book to proove it
(40:50 / All) DIVINEWIND: or stfu
(40:53 / All) DIVINEWIND: ur a fat basement dweller
(40:55 / All) OnitsukaTigers: https://www.facebook.com/melvin.everhard
(41:07 / All) DIVINEWIND: lol fake name
(41:10 / All) DIVINEWIND: just like u
(41:13 / All) DIVINEWIND: fake ass bottom feeder
(41:13 / All) OnitsukaTigers: You got a problem with my name
(41:15 / All) DIVINEWIND: no skill
(41:21 / All) OnitsukaTigers: It's a perfectly fine name
(41:24 / All) OnitsukaTigers: Many people are named Melvin
(43:08 / All) OnitsukaTigers: what's your favorite 420 blaze it music
(45:18 / All) OnitsukaTigers: d
(45:19 / All) OnitsukaTigers: d
(45:51 / All) OnitsukaTigers: DDDEEE
(45:52 / All) OnitsukaTigers: DEEE
(46:04 / All) OnitsukaTigers: this was close one boi
(47:17 / All) OnitsukaTigers: Any parting gifts of wisdom?
(47:25 / All) OnitsukaTigers: D
(47:31 / All) OnitsukaTigers: Red?